 Dungeon Crawl Stone Soup version 0.27.1-3-gb3d3a73c9e (webtiles) character file.

Game seed: 7122657090649300672

296 asgloki the Cudgeller (level 6, -3/59 HPs)
             Began as a Troll Gladiator on Oct 22, 2021.
             Was an Initiate of Trog.
             Slain by an ogre (24 damage)
             ... on level 4 of the Dungeon.
             The game lasted 00:27:31 (2537 turns).

asgloki the Cudgeller (Troll Gladiator)             Turns: 2537, Time: 00:27:32

Health: -3/59      AC:  4    Str: 24    XL:     6   Next: 12%
Magic:  5/5        EV: 10    Int:  4    God:    Trog [......]
Gold:   107        SH:  0    Dex: 12    Spells: 5/5 levels left

rFire    . . .     SeeInvis .   o - +1 mace
rCold    . . .     Faith    .   (no shield)
rNeg     . . .     Spirit   .   j - +0 robe
rPois    .         Reflect  .   c - +0 hat
rElec    .         Harm     .   (no cloak)
rCorr    .         Rampage  .   (gloves unavailable)
Will     +....                  (boots unavailable)
Stlth    +.........             (no amulet)
HPRegen  1.19/turn              l - ring of willpower
MPRegen  0.09/turn              (no ring)

@: no status effects
A: large, unfitting armour, claws 3, regeneration 1, shaggy fur 1, tough skin 1
a: Renounce Religion


You were on level 4 of the Dungeon.
You worshipped Trog.
Trog was noncommittal.
You visited 1 branch of the dungeon, and saw 4 of its levels.

You collected 107 gold pieces.

Inventory:

Hand Weapons
 a - a +0 flail
 o - a +1 mace (weapon)
Missiles
 d - a throwing net (quivered)
 e - 107 stones
 p - 16 sling bullets
Armour
 b - a +0 robe
 c - a +0 hat (worn)
 f - a +0 ring mail
 i - a +2 leather armour of cold resistance
 j - a +0 robe (worn)
 m - a +0 leather armour
 n - a +0 ring mail
 r - a +0 pair of gloves of stealth
Jewellery
 l - a ring of willpower (left claw)
Wands
 k - a wand of paralysis (11)
Scrolls
 g - a scroll of vulnerability
Potions
 q - a potion of lignification


   Skills:
 + Level 2.4 Fighting
 + Level 4.9 Maces & Flails
 + Level 2.0 Throwing
 + Level 3.4 Dodging
 + Level 0.8 Stealth


You had 5 spell levels left.
You didn't know any spells.
Your spell library contained the following spells:

 Spells                   Type           Power      Damage    Failure   Level
 Freeze                   Ice            0%         1d3       50%         1
 Frozen Ramparts          Ice            0%         1d2       86%         3
 Hailstorm                Conj/Ice       0%         3d3       99%         4


Dungeon Overview and Level Annotations

Branches:
Dungeon (4/15)
 Temple: D:4-7

Altars:
Makhleb
Trog


Innate Abilities, Weirdness & Mutations

You are too large for most types of armour.
You have claws for hands.
Your natural rate of healing is unusually fast.
You are covered in fur. (AC +1)
You have tough skin. (AC +1)


Message History

You kill the ogre!
Trog accepts your kill.
Your Throwing skill increases to level 2!
You have reached level 6!
Your experience leads to an increase in your attributes!
Increase (S)trength, (I)ntelligence, or (D)exterity?
You feel agile.
You feel stronger.
You thump the orc!
You kill the orc!
Trog accepts your kill.
Things that are here:
a +0 war axe; a +0 giant spiked club; an orc corpse
Things that are here:
a +0 short sword; a +0 short sword; an orc corpse
Things that are here:
a +0 dagger; a +0 robe; an orc corpse
Things that are here:
a +0 club; a +0 ring mail
h - a scroll labelled YRUTRILE NIMN
As you read the scroll labelled YRUTRILE NIMN, it crumbles to dust.
It is a scroll of enchant weapon.
Your +0 mace glows red for a moment.
Found a dagger.
You see here a +0 dagger.
An ogre comes into view. It is wielding a +0 giant spiked club.
The ogre shouts!
The ogre hits you with a +0 giant spiked club!
You barely miss the ogre.
The ogre hits you with a +0 giant spiked club!
You barely miss the ogre. You barely miss the ogre.
The ogre hits you with a +0 giant spiked club!
A necrophage comes into view.
You hit the ogre.
The ogre is lightly wounded.
The ogre hits you with a +0 giant spiked club!!
* * * LOW HITPOINT WARNING * * *
You see here a +0 dagger.
The ogre hits you with a +0 giant spiked club!!
You die...

#.#
#.####.<######
#.# #. #...#
#.#
#.###..######
#.#
#............
#.# ###
##.#.###.####
#.# ..## ##..#
# #.# #.###.###
#.#######..#.##
#...)..nO@#.##
#############


You could see an ogre and a necrophage.

Vanquished Creatures
  An ogre (D:4)
  2 orc priests (D:4)
  An iguana (D:3)
  An orc wizard (D:4)
  3 adders
  An adder skeleton (D:4)
  A worm (D:2)
  5 orcs (D:4)
  6 bats
  7 endoplasms
  3 giant cockroaches (D:1)
  2 goblins (D:1)
  8 hobgoblins
  2 quokkas (D:2)
  5 frilled lizards
  6 kobolds
  4 rats
58 creatures vanquished.

Notes
Turn   | Place    | Note
-------+----------+-------------------------------------------
     0 | D:1      | asgloki the Troll Gladiator began the quest for the Orb.
     0 | D:1      | Reached XP level 1. HP: 19/19 MP: 0/0
   139 | D:1      | Reached skill level 3 in Maces & Flails
   139 | D:1      | Reached XP level 2. HP: 26/27 MP: 1/1
   597 | D:2      | Reached XP level 3. HP: 32/35 MP: 2/2
  1351 | D:3      | Found a bloodstained altar of Trog.
  1354 | D:3      | Found a burning altar of Makhleb.
  1383 | D:3      | Became a worshipper of Trog the Wrathful
  1461 | D:3      | Reached XP level 4. HP: 33/42 MP: 3/3
  1969 | D:3      | Reached skill level 4 in Maces & Flails
  2263 | D:4      | Reached XP level 5. HP: 49/49 MP: 4/4
  2304 | D:4      | HP: 2/49 [something/magic dart (4)]
  2374 | D:4      | Noticed an ogre
  2440 | D:4      | Killed an ogre
  2441 | D:4      | Reached XP level 6. HP: 36/59 MP: 5/5
  2537 | D:4      | Slain by an ogre

Illustrated notes

Levels and vault maps discovered:
D:1:      zaba_arrival_water, layout_rooms, hangedman_decor_points
D:2:      layout_loops_ring, minmay_pentomino_x2
D:3:      layout_loops_ring, grunt_temple_overflow_open
D:4:      layout_loops_ring, tso_oasis_becter, uniq_menkaure

Skill      XL: |  1  2  3  4  5 |
---------------+----------------+-----
Maces & Flails | 3 4 |  4.9
Fighting       | 2 |  2.4
Dodging        | 3 |  3.4
Throwing       | 2 |  2.0
Stealth        | |  0.8

Action                   |  1- 3 |  4- 6 || total
-------------------------+-------+-------++-------
Melee: Flail             |   126 |     5 ||   131
       Mace              |       |    66 ||    66
Throw: Throwing net      |       |     2 ||     2
  Use: Potion            |     2 |     4 ||     6
       Scroll            |     2 |     2 ||     4
 Stab: Sleeping          |     2 |       ||     2
Armor: Robe              |    71 |    17 ||    88
       Skin              |       |    22 ||    22
Dodge: Dodged            |    97 |    29 ||   126
